[Event "Early-Titled-Tuesday-Blitz-April-02-2024"]
[Site "Chess.com"]
[Date "2024.04.02"]
[Round "6"]
[White "vladoboch"]
[Black "Bykov_Egor"]
[Result "1-0"]
[WhiteElo "2536"]
[BlackElo "2646"]
[TimeControl "180+1"]
[EndTime "9:07:15 PDT"]
[Termination "vladoboch won by checkmate"]

1. e4 c5 2. Nf3 e6 3. d4 cxd4 4. Nxd4 Nf6 5. Nc3 Nc6 6. Ndb5 Bc5 7. Nd6+ Ke7 8. Bf4 e5 9. Nf5+ Kf8 10. Be3 d6 11.
Bxc5 dxc5 12. Qxd8+ Nxd8 13. Nd6 Ke7 14. O-O-O Nc6 15.
f3 Nd4 16. Nc4 Nc6 17. Nd5+ Nxd5 18. exd5 Nd4 19. c3 Nf5 20. d6+ Ke6 21. g4 Nh4 22.
Bd3 b5 23. Be4 Rb8 24. Na5 Rb6 25. Nc6 Bd7 26. Bd5+ Kxd6 27. Be4+ Kc7 28. Nxe5 Be6 29. f4 f6 30. f5 fxe5 31. fxe6 Rxe6 32. Rhf1 Rhe8 33.
Rf7+ R8e7 34. Rdf1 Ng6 35. Bxg6 hxg6 36. h4 Kd6 37.
Kd2 e4 38. Ke3 Ke5 39. R7f4 Kd5 40. Rd1+ Kc6 41. g5 a5 42. Rdf1 c4 43. Rf7 Kd5 44. Rd1+ Ke5 45. Rf4 b4 46. Rxe4+ Kf5 47. Rf1# 1-0

[Event "Early-Titled-Tuesday-Blitz-April-02-2024"]
[Site "Chess.com"]
[Date "2024.04.02"]
[Round "6"]
[White "Radzio1987"]
[Black "only_strong_moves"]
[Result "0-1"]
[WhiteElo "2889"]
[BlackElo "2746"]
[TimeControl "180+1"]
[EndTime "9:07:16 PDT"]
[Termination "only_strong_moves won on time"]

1. c4 e5 2. d3 Nc6 3. Nf3 f5 4.
g3 Nf6 5. Bg2 d6 6. Nc3 Be7 7. Rb1 a5 8. a3 O-O 9. b4 axb4 10.
axb4 e4 11. dxe4 Nxe4 12. Nxe4 fxe4 13. Nd4 Bf6 14. Nxc6 bxc6 15. Bxe4 Bh3 16. Bxc6 Ra7 17. Qd3 Qe7 18. f3 Bf5 19. e4 Bh3 20. Kf2 Ra2+ 21. Bd2 Qe5 22. Rhd1 Bg5 23. Qd5+ Kh8 24. Qxe5 dxe5 25.
Ke2 Bg2 26. Rb3 Rd8 27. Rd3 Rxd3 28. Kxd3 Bxf3 29. Bxg5 Bxd1 30. Bd8 Be2+ 31. Kc3 Ra3+ 32. Kb2 Ra6 33. b5 Ra7 34. Kc3 Kg8 35. c5 Kf7 36. b6 cxb6 37. cxb6 Ra6 38. Kb4 Ra1 39.
b7 Rb1+ 40. Kc5 Ba6 41. Bb6 Bxb7 42. Bxb7 Rd1 43. Bd5+ Kf6 44. Bd8+ Kg6 45. Kd6 Rh1 46. Kxe5 Rxh2 47. Kf4 Rf2+ 48. Ke3 Rf8 49. Bb6 h5 50. e5 Kf5 51. Bd4 Rd8 0-1

[Event "Early-Titled-Tuesday-Blitz-April-02-2024"]
[Site "Chess.com"]
[Date "2024.04.02"]
[Round "6"]
[White "GodzillaChessYoutube"]
[Black "MetiForce"]
[Result "0-1"]
[WhiteElo "2705"]
[BlackElo "2887"]
[TimeControl "180+1"]
[EndTime "9:07:16 PDT"]
[Termination "MetiForce won on time"]

1. c4 c6 2. Nc3 d5 3. e3 Nf6 4. Nf3 g6 5. b3 Bg7 6. Bb2 O-O 7. Be2 a5 8. O-O Bf5 9. Rc1 Re8 10. cxd5 cxd5 11. Nb5 Nc6 12. Ne5 Rc8 13. Nxc6 Rxc6 14. Be5 Ne4 15. Bxg7 Kxg7 16. Nd4 Rxc1 17. Nxf5+ gxf5 18. Qxc1 Qb6 19. d3 Nd6 20. Qc3+ f6 21. Bf3 Rc8 22. Qb2 e6 23. Rc1 Rc6 24. h3 Qc7 25. Rxc6 Qxc6 26. Qd4 b6 27. b4 a4 28. g4 a3 29. g5 Ne8 30. Bh5 e5 31. Qh4 Nc7 32. Kh2 Nb5 33. Qg3 Qe6 34. d4 exd4 35. exd4 Qe4 36.
gxf6+ Kxf6 37. Qg8 Qf4+ 38. Kh1 Qc1+ 39. Kh2 Qf4+ 40.
Kh1 Qxf2 41. Qf7+ Kg5 0-1

[Event "Early-Titled-Tuesday-Blitz-April-02-2024"]
[Site "Chess.com"]
[Date "2024.04.02"]
[Round "6"]
[White "RealPerangel"]
[Black "arnash_bauyrzhan"]
[Result "1-0"]
[WhiteElo "2527"]
[BlackElo "2351"]
[TimeControl "180+1"]
[EndTime "9:07:18 PDT"]
[Termination "RealPerangel won on time"]

1. e4 c5 2. g3 g6 3. Bg2 Bg7 4. Ne2 d6 5. c3 Nc6 6. d4 cxd4 7. cxd4 e6 8. Nbc3 Nge7 9. Bg5 O-O 10. Qd2 f5 11. exf5 Rxf5 12. O-O Bd7 13. d5 Ne5 14.
dxe6 Bxe6 15. Nd5 Rxg5 16. Qxg5 Nxd5 17. Qd2 Nc4 18. Qc2 Nb4 19. Qb3 Qb6 20. Rad1 Re8 21. Nf4 Bf7 22. Nd5 Nxd5 23. Bxd5 Bxd5 24. Rxd5 Qxb3 25.
axb3 Nb6 26. Rxd6 Bxb2 27. Rfd1 Re2 28. Rd8+ Kf7 29. Rb8 Re7 30. Kg2 Be5 31. Rbd8 Rc7 32. Re1 Bf6 33. Rb8 Nd7 34. Ra8 Nc5 35. b4 Nd3 36.
Re3 Nxb4 37. Rxa7 Nd5 38. Rb3 Bd4 39. Raxb7 Rxb7 40. Rxb7+ Kf6 41. Rd7 Ke6 42. Rxh7 Ne7 43. Rh4 Bf6 44. Re4+ Kf5 45. Re2 Nd5 46. Rc2 Nb4 47.
Rc5+ Ke6 48. h4 Nd3 49. Ra5 Bd4 50. Ra6+ Kf5 51. Rd6 Ke5 52. Rxg6 Nxf2 53. Kf3 Nd3 54. Rg5+ Ke6 55. Ke4 Bf6 56. Ra5 Ne5 57. h5 Ng4 58. Kf4 Nh6 59. g4 1-0

[Event "Early-Titled-Tuesday-Blitz-April-02-2024"]
[Site "Chess.com"]
[Date "2024.04.02"]
[Round "6"]
[White "NastyaHn"]
[Black "Gennady_Kozlov"]
[Result "0-1"]
[WhiteElo "2454"]
[BlackElo "2628"]
[TimeControl "180+1"]
[EndTime "9:07:19 PDT"]
[Termination "Gennady_Kozlov won on time"]

1. Nc3 g6 2. d4 Bg7 3. e4 d6 4. f4 h5 5. Nf3 Bg4 6. Be2 Nc6 7. d5 Bxf3 8. Bxf3 Nd4 9. Be3 Nxf3+ 10. Qxf3 Bxc3+ 11. bxc3 c5 12. O-O Qa5 13. Bf2 O-O-O 14. c4 Nf6 15. h3 Nd7 16. Rfb1 Nb6 17. a4 Nxc4 18.
Qd3 Nb6 19. Rb5 Qa6 20. Qb3 Rd7 21. Be1 Re8 22. f5 gxf5 23. exf5 Rg8 24. Bh4 Rc7 25. c4 Na8 26. a5 Rd7 27. Qd3 Nc7 28. Rb2 Ne8 29.
Qc3 f6 30. Re1 Ng7 31. Rf2 Ne8 32. Kh2 Kd8 33. Rfe2 Rg7 34. Rb1 Rf7 35. Be1 Ng7 36.
Rf2 Ke8 37. Bd2 b5 38. cxb5 Qc8 39. Qc4 Rb7 40. b6 axb6 41. a6 Ra7 42. Rxb6 Nxf5 43.
Rxf5 Kf8 44. Rxh5 Kg8 45. Qg4+ Qxg4 46. hxg4 Rg7 47. Kh3 Kf7 48. Rf5 Rh7+ 49. Kg3 Rh1 50. Rf3 Rd1 51. Bf4 Rxd5 52. Ra3 c4 53. Rb7 Ra8 54. a7 Rd3+ 0-1

[Event "Early-Titled-Tuesday-Blitz-April-02-2024"]
[Site "Chess.com"]
[Date "2024.04.02"]
[Round "6"]
[White "wonderfultime"]
[Black "chessdjw"]
[Result "1-0"]
[WhiteElo "2979"]
[BlackElo "2795"]
[TimeControl "180+1"]
[EndTime "9:07:20 PDT"]
[Termination "wonderfultime won by resignation"]

1. d4 Nf6 2. Nf3 g6 3. c4 Bg7 4. g3 c6 5. Bg2 O-O 6. O-O d5 7. b3 Bf5 8. Bb2 Nbd7 9. Nc3 dxc4 10. bxc4 Ne4 11. Qb3 Qb6 12. Rac1 Nxc3 13. Bxc3 Be4 14. Rfd1 Rfd8 15. Qa3 Bf8 16. Qa4 a5 17. e3 Qa6 18.
Nd2 Bxg2 19. Kxg2 b5 20. Qc2 b4 21. Ba1 a4 22. c5 Rdb8 23. Rb1 Nf6 24. Nc4 b3 25. axb3 axb3 26. Rxb3 Qa4 27. Nb6 Qa2 28. Rb2 Qe6 29. Nxa8 Rxa8 30. Qe2 h5 31. h3 g5 32.
e4 Nxe4 33. Re1 Qd5 34. Qxe4 Qxe4+ 35. Rxe4 Rxa1 36. Rb6 f5 37. Re5 Rd1 38. Rxf5 Rxd4 39. Rxg5+ Kf7 40. Rxc6 Bg7 41. Rxh5 Bf6 42. Rc8 Rd2 43.
Rf5 Ke6 44. Rf3 Bd4 45. Rd8 Ke5 46. h4 Rc2 47. h5 Bxc5 48. h6 Ke4 49. h7 Bxf2 50.
Rxf2 Rxf2+ 51. Kxf2 e5 52. h8=Q Kf5 53. Qh7+ 1-0

[Event "Early-Titled-Tuesday-Blitz-April-02-2024"]
[Site "Chess.com"]
[Date "2024.04.02"]
[Round "6"]
[White "tomesao"]
[Black "nekotyanof"]
[Result "0-1"]
[WhiteElo "2548"]
[BlackElo "2676"]
[TimeControl "180+1"]
[EndTime "9:07:21 PDT"]
[Termination "nekotyanof won by checkmate"]

1. Nf3 Nf6 2. c4 g6 3. Nc3 c5 4.
e3 Bg7 5. d4 cxd4 6. exd4 d5 7.
h3 O-O 8. cxd5 Nxd5 9. Bc4 Nxc3 10. bxc3 Qc7 11. Qe2 b5 12. Bd5 Qxc3+ 13. Qd2 Qxa1 14.
O-O Be6 15. Bxe6 fxe6 16. Ba3 Qxf1+ 17. Kxf1 Nc6 18. Bc5 Rad8 19. Qe2 e5 20. Qxb5 Nxd4 21. Qc4+ Kh8 22. Ng5 Rb8 23. Bxd4 exd4 24. Ke2 Rb2+ 25.
Kd3 Rbxf2 26. Ne6 R8f6 27. Qc8+ Bf8 28. Kxd4 Kg8 29. g4 Rd2+ 30. Ke3 Rd6 31. Nf4 Rc6 32. Qd8 Rc3+ 33. Kd2 Rcc6 34. Ke3 Rc3+ 35. Kd2 Rc5 36. Ke3 Re5+ 37. Kf3 g5 38. Kg2 gxf4 39. Qb8 Re2+ 40. Kf1 f3 41. Qb3+ Kh8 42. g5 Rf5 43. Qd3 Rf7 44. Qd4+ Kg8 45. Qd5 e6 46. Qd3 Rxa2 47. g6 Ra1+ 48. Kf2 Bc5+ 49. Kg3 Rg1+ 50. Kh4 Rxg6 51.
Qd8+ Kg7 52. Kh5 Rf5+ 53. Kh4 Bf2# 0-1

[Event "Early-Titled-Tuesday-Blitz-April-02-2024"]
[Site "Chess.com"]
[Date "2024.04.02"]
[Round "6"]
[White "RedFirePanda"]
[Black "LuisFSiles"]
[Result "1-0"]
[WhiteElo "2531"]
[BlackElo "2356"]
[TimeControl "180+1"]
[EndTime "9:07:21 PDT"]
[Termination "RedFirePanda won by resignation"]

1. d4 Nf6 2. Bf4 d6 3. e3 Nbd7 4. Nf3 Nh5 5. Bg3 Nxg3 6. hxg3 e5 7. dxe5 Nxe5 8. Nxe5 dxe5 9. Qxd8+ Kxd8 10. c3 Bf5 11.
Nd2 c6 12. Bc4 f6 13. O-O-O Kc7 14. Bb3 Bc5 15. Bc2 Bg6 16. Bxg6 hxg6 17. Ne4 Be7 18. Kc2 f5 19. Nd2 b6 20. Nc4 Bf6 21. Rh3 Rxh3 22. gxh3 g5 23. e4 g6 24. exf5 gxf5 25.
Nd6 Rh8 26. Nxf5 Rxh3 27. Nd6 Be7 28. Ne4 Rh2 29. Rd2 g4 30. Re2 Kd7 31. Nd2 Ke6 32. Nc4 Bf6 33. Ne3 Rh8 34. Nxg4 Rf8 35. f4 Bh8 36. Nxe5 Kf5 37. Nxc6 Kg4 38. Re3 a6 39. Nd4 Bxd4 40. cxd4 Rc8+ 41. Kd2 Kf5 42. Re5+ Kg4 43. Re3 Rc4 44. Kd3 b5 45. b3 Rc1 46. Ke4 b4 47. d5 Rc2 48. d6 Rc8 49. Kd5 Kf5 50. d7 Rd8 51. Kd6 Kf6 52. Re8 1-0

[Event "Early-Titled-Tuesday-Blitz-April-02-2024"]
[Site "Chess.com"]
[Date "2024.04.02"]
[Round "6"]
[White "scarabee43"]
[Black "TitarovVasiliYouTube"]
[Result "1-0"]
[WhiteElo "2816"]
[BlackElo "2640"]
[TimeControl "180+1"]
[EndTime "9:07:24 PDT"]
[Termination "scarabee43 won on time"]

1. Nf3 d6 2. d4 Nf6 3. c4 Bf5 4. Nc3 c6 5. g3 Ne4 6. Qb3 Nxc3 7. Qxc3 Be4 8. Bg2 e6 9. O-O d5 10. Re1 Be7 11. Bf1 O-O 12. Nd2 Bg6 13. e4 dxe4 14.
Nxe4 Nd7 15. Bf4 Nf6 16. Nc5 b6 17. Nb3 a5 18. a3 a4 19. Nd2 c5 20. dxc5 Bxc5 21.
Rad1 Bd4 22. Qc1 Ng4 23. Ne4 Bxe4 24. Rxe4 Bxf2+ 25. Kh1 Qc8 26. Bd6 Nf6 27. Rf4 Bc5 28. Bxf8 Qxf8 29. Bg2 Rc8 30. Qc2 Be3 31. Rff1 b5 32.
Qe2 Qc5 33. cxb5 h5 34. Rd3 Bd4 35. h3 e5 36. Rdf3 Rb8 37. Rxf6 gxf6 38. Bc6 Qf8 39. Qxh5 Qg7 40. Qf3 Qg5 41. Rd1 Kg7 42. h4 Rh8 43.
Qg2 Qg4 44. Kh2 Qf5 45. Rf1 Qg4 46. Bf3 Qg6 47. Be4 Qg4 48. Bf5 Qh5 49. Qh3 Qe2+ 50. Kh1 Qe4+ 51. Bxe4 1-0

[Event "Early-Titled-Tuesday-Blitz-April-02-2024"]
[Site "Chess.com"]
[Date "2024.04.02"]
[Round "6"]
[White "Djager97"]
[Black "emeli_chess"]
[Result "1/2-1/2"]
[WhiteElo "2596"]
[BlackElo "2414"]
[TimeControl "180+1"]
[EndTime "9:07:24 PDT"]
[Termination "Game drawn - insufficient material"]

1. e4 e5 2. Nf3 Nc6 3. Nc3 Nf6 4. d4 exd4 5. Nxd4 Bb4 6. Nxc6 bxc6 7. Bd3 d5 8. exd5 cxd5 9. O-O O-O 10. Bg5 Be6 11. Qf3 h6 12. Bxf6 Qxf6 13. Qxf6 gxf6 14. Nb5 c6 15. Nd4 c5 16. Nc6 Kg7 17. c3 Rfc8 18.
Ne7 Rc7 19. cxb4 Rxe7 20. bxc5 a5 21. Rfc1 Rc7 22. Rc2 f5 23. f4 Kf6 24. Kf2 d4 25. b3 Bd5 26. Re1 Rac8 27. Rec1 Be4 28. Bxe4 fxe4 29. Rc4 Kf5 30. Rxd4 Rxc5 31. Rxc5+ Rxc5 32. g3 Rc2+ 33. Ke3 Rxa2 34. Rd5+ Ke6 35. Re5+ Kf6 36. Kxe4 a4 37. bxa4 Rxa4+ 38. Kf3 Kg6 39. Kg4 Rb4 40. Rd5 Rb6 41. h3 Ra6 42. Kh4 Rb6 43. g4 Rb4 44. f5+ Kg7 45. Kh5 Rb3 46. h4 Rb6 47. Rc5 Ra6 48. Rb5 Rc6 49. g5 hxg5 50. hxg5 Ra6 51.
f6+ Kh7 52. Rb7 Kg8 53. g6 Rxf6 54. gxf7+ Rxf7 55. Rxf7 Kxf7 1/2-1/2

[Event "Early-Titled-Tuesday-Blitz-April-02-2024"]
[Site "Chess.com"]
[Date "2024.04.02"]
[Round "6"]
[White "viktorskliarov"]
[Black "FlemingA"]
[Result "1/2-1/2"]
[WhiteElo "2619"]
[BlackElo "2458"]
[TimeControl "180+1"]
[EndTime "9:07:25 PDT"]
[Termination "Game drawn - insufficient material"]

1. e4 g6 2. d4 d6 3. Nc3 Nf6 4. f3 a6 5. Be3 b5 6. Qd2 Nbd7 7.
a4 b4 8. Na2 a5 9. c3 bxc3 10.
Nxc3 Bg7 11. g4 h5 12. g5 Nh7 13. Bc4 O-O 14. f4 e5 15. dxe5 dxe5 16. f5 Nb6 17. Qxd8 Rxd8 18. Bxb6 cxb6 19. fxg6 Nxg5 20. h4 Be6 21.
Be2 fxg6 22. hxg5 Rd4 23. Nf3 Rb4 24. O-O-O Rc8 25. Rd6 Bf7 26. Ba6 Rc7 27. Rd8+ Kh7 28. Nd2 Rxa4 29. Kc2 Rd4 30. Rc8 Rxc8 31. Bxc8 Bf8 32.
Nf3 Rd8 33. Nxe5 Bg8 34. Bb7 Bg7 35. Nd3 b5 36. Bd5 b4 37. Bxg8+ Kxg8 38. Nd5 Rc8+ 39.
Kb3 Re8 40. e5 Bxe5 41. Re1 a4+ 42. Kxa4 Ra8+ 43. Kb3 Bg7 44. Nf6+ Bxf6 45. gxf6 Kf7 46. Nxb4 Kxf6 47. Kc4 h4 48. Nd5+ Kg5 49. b4 h3 50.
b5 Kh4 51. b6 g5 52. Kb5 g4 53. b7 Rb8 54. Kc6 h2 55. Ne3 Kh3 56. Nxg4 Kxg4 57. Rh1 Kg3 58. Kc7 Rxb7+ 59. Kxb7 Kg2 60. Rxh2+ Kxh2 1/2-1/2

[Event "Early-Titled-Tuesday-Blitz-April-02-2024"]
[Site "Chess.com"]
[Date "2024.04.02"]
[Round "6"]
[White "karinachess1"]
[Black "Quattroporte300"]
[Result "1-0"]
[WhiteElo "2613"]
[BlackElo "2503"]
[TimeControl "180+1"]
[EndTime "9:07:25 PDT"]
[Termination "karinachess1 won by resignation"]

1. d4 d5 2. c4 e6 3. Nc3 Bb4 4. a3 Bxc3+ 5. bxc3 Nf6 6. f3 O-O 7. e3 c5 8. Bd3 Nc6 9. cxd5 exd5 10. Ne2 Re8 11.
O-O b6 12. Ng3 a5 13. Re1 Ba6 14. Bc2 Ra7 15. Bb2 Bc8 16. e4 dxe4 17. fxe4 Ng4 18. Qd3 Qh4 19. h3 Nf6 20. Qf3 Ne7 21. Rf1 Ng6 22. Rae1 Rae7 23. e5 Bb7 24. Qf2 Nd5 25. Re4 Ndf4 26. Rxf4 Nxf4 27. Qxf4 Qxf4 28. Rxf4 Rc7 29.
Bb3 c4 30. Bc2 Bd5 31. Nf5 b5 32. Nd6 Rb8 33. Be4 Bxe4 34. Nxe4 b4 35. axb4 axb4 36. Nc5 bxc3 37. Bxc3 Rb1+ 38. Kh2 Rc1 39. Rf3 h6 40. Ne4 Ra7 41. d5 Rd1 42. d6 Kf8 43. Bb4 Ke8 44. Bc3 Rd3 45. Rxd3 cxd3 46. Kg3 Ra2 47. Kf3 Kd7 48.
Bd2 Ke6 49. Ke3 Ra3 50. Nc5+ Kxe5 51. d7 Ra8 52. Nb7 Kf5 53. d8=Q 1-0

[Event "Early-Titled-Tuesday-Blitz-April-02-2024"]
[Site "Chess.com"]
[Date "2024.04.02"]
[Round "6"]
[White "ccccvhhhj"]
[Black "GlavkonVVS"]
[Result "1-0"]
[WhiteElo "2434"]
[BlackElo "2637"]
[TimeControl "180+1"]
[EndTime "9:07:26 PDT"]
[Termination "ccccvhhhj won by resignation"]

1. e4 Nf6 2. e5 Nd5 3. d4 d6 4.
Bc4 Nb6 5. Bb3 Nc6 6. exd6 cxd6 7. Ne2 a5 8. c3 Bf5 9. Ng3 Bg6 10. O-O e6 11.
Na3 Be7 12. Nb5 O-O 13. a4 Rc8 14. f4 Bh4 15. f5 exf5 16. Nxf5 Bf6 17. Nfxd6 Rb8 18.
Bf4 Bg5 19. Bg3 Bh4 20. Qf3 Bxg3 21. Qxg3 Ne7 22. Rae1 Ned5 23. Nf5 Re8 24. Rxe8+ Qxe8 25. Re1 Qd8 26. Ne3 Nf6 27. Qd6 Nbd7 28. Nd5 Nxd5 29. Qxd5 Nf6 30. Qxd8+ Rxd8 31. Re7 b6 32. Rb7 Nd7 33.
Bd5 Kf8 34. Bc6 Nb8 35. d5 Be4 36. Rxb6 Nxc6 37. dxc6 Rc8 38. Nd4 Bd5 39. Rb5 Bxc6 40. Nxc6 Rxc6 41. Rxa5 Re6 42. Kf2 Rd6 43. Ke2 Re6+ 44.
Kd2 Rd6+ 45. Kc2 Rf6 46. Rd5 Rf2+ 47. Rd2 Rf4 48. Kb3 f5 49. Ka3 g5 50. a5 Re4 51. b4 Re3 52. Kb3 f4 53. a6 Re6 54.
b5 g4 55. Kb4 f3 56. gxf3 gxf3 57. Rf2 Re4+ 58. c4 Re3 59. a7 1-0

[Event "Early-Titled-Tuesday-Blitz-April-02-2024"]
[Site "Chess.com"]
[Date "2024.04.02"]
[Round "6"]
[White "ploxoi"]
[Black "sonicdravise"]
[Result "1-0"]
[WhiteElo "2463"]
[BlackElo "2606"]
[TimeControl "180+1"]
[EndTime "9:07:28 PDT"]
[Termination "ploxoi won by checkmate"]

1. d4 Nf6 2. c4 e6 3. g3 c5 4. d5 exd5 5. cxd5 d6 6. Nc3 g6 7.
Bg2 Bg7 8. Nf3 O-O 9. O-O a6 10. a4 Nbd7 11. h3 Re8 12. Nd2 Rb8 13. Nc4 Ne5 14. Na3 Nh5 15. e4 Bd7 16. a5 b5 17.
axb6 Bb5 18. Naxb5 axb5 19. Nxb5 Qxb6 20. Na3 Qb3 21. Qxb3 Rxb3 22. g4 Nf6 23. Bd2 Nf3+ 24. Bxf3 Rxf3 25. Kg2 Rd3 26. Nc4 Rxe4 27. Ra8+ Re8 28. Rxe8+ Nxe8 29. Ra1 Nc7 30. Ra7 Ne8 31. Ra8 Kf8 32. Nxd6 Ke7 33. Nxe8 Rxd2 34. Nxg7 Rxd5 35. h4 Rd2 36. Rb8 c4 37. g5 Rd4 38. Kg3 Rd3+ 39. f3 Rd1 40. Ne8 Rg1+ 41. Kh2 Rb1 42. Nf6 h5 43. Rb4 Rc1 44. Rb7+ Ke6 45. Rb6+ Kf5 46. Kg3 Rg1+ 47. Kf2 Rh1 48. Rb5+ Ke6 49. Kg3 Rg1+ 50. Kh2 Rf1 51. Kg2 Rb1 52. Ne4 Rc1 53. Rc5 Rc2+ 54. Kg3 Rc1 55. b3 Rg1+ 56. Kh2 Rf1 57.
Kg2 Rb1 58. bxc4 Rb2+ 59. Kg3 Ke7 60. Rb5 Kf8 61. Rxb2 Kg7 62. Rb8 Kh7 63. Nf6+ Kg7 64. Rg8# 1-0

[Event "Early-Titled-Tuesday-Blitz-April-02-2024"]
[Site "Chess.com"]
[Date "2024.04.02"]
[Round "6"]
[White "BestestBP"]
[Black "PapaieDudu"]
[Result "0-1"]
[WhiteElo "2203"]
[BlackElo "2387"]
[TimeControl "180+1"]
[EndTime "9:07:28 PDT"]
[Termination "PapaieDudu won by checkmate"]

1. c4 e6 2. d4 d5 3. Nf3 Nf6 4. g3 Be7 5. Bg2 O-O 6. O-O dxc4 7. Qc2 a6 8. Qxc4 b5 9. Qc2 Bb7 10. Bf4 Nd5 11. e4 Nxf4 12. gxf4 Nc6 13. Rd1 Na5 14. Nc3 Rc8 15. d5 Qe8 16. e5 b4 17. Ne2 Bxd5 18.
Ng5 Bxg5 19. fxg5 c6 20. Qc5 Nc4 21. Qxb4 Rb8 22. Qc3 Rxb2 23. Nf4 Qb8 24. Nd3 Rb5 25. h4 Bxg2 26. Qxc4 Bd5 27. Qg4 c5 28. Re1 c4 29.
Nf4 c3 30. Rac1 Bxa2 31. Rxc3 Rxe5 32. Rxe5 Qxe5 33. Re3 Qd4 34. Qg3 Bc4 35. h5 e5 36.
Nh3 Qd1+ 37. Kh2 Qxh5 38. Rxe5 Be6 39. Re3 h6 40. Re5 hxg5 41. Rxg5 Qh6 42. Re5 Rd8 43. Rg5 Rd1 44. Qg2 Bxh3 45. Qxh3 Rh1+ 46. Kxh1 Qxh3+ 47. Kg1 Qh4 48. Rg3 Qxg3+ 49. fxg3 g5 50. Kf2 Kg7 51.
Ke3 Kg6 52. g4 f5 53. gxf5+ Kxf5 54. Kd3 g4 55. Kc4 g3 56. Kb4 g2 57. Ka5 g1=Q 58. Kxa6 Qc5 59. Kb7 Ke6 60. Ka6 Kd7 61. Kb7 Qb4+ 62.
Ka6 Kc6 63. Ka7 Qb7# 0-1

[Event "Early-Titled-Tuesday-Blitz-April-02-2024"]
[Site "Chess.com"]
[Date "2024.04.02"]
[Round "6"]
[White "artin10862"]
[Black "ValentinDragnev"]
[Result "1-0"]
[WhiteElo "2919"]
[BlackElo "2723"]
[TimeControl "180+1"]
[EndTime "9:07:29 PDT"]
[Termination "artin10862 won on time"]

1. c4 c5 2. Nf3 Nc6 3. Nc3 e5 4. e3 f5 5. d4 e4 6. Ng1 Nf6 7. dxc5 Bxc5 8. a3 a5 9. Nh3 O-O 10. Be2 d6 11. b3 h6 12. Nf4 Ne5 13. Bb2 Qe7 14. Na4 Rd8 15. O-O Bd7 16. Nxc5 dxc5 17.
Nd5 Nxd5 18. Qxd5+ Nf7 19. Bh5 Be6 20. Bxf7+ Kxf7 21. Qe5 Qf6 22. Qc7+ Qe7 23. Qg3 Kg8 24. a4 Rd2 25. Qe5 Rad8 26. Bc3 R2d3 27. Bxa5 R8d7 28. Bc3 b6 29. h4 Kh7 30. g3 Qf7 31. a5 bxa5 32.
Rxa5 Rb7 33. Rxc5 Rxb3 34. Bd4 Rb7 35. g4 Re7 36. gxf5 Bxc4 37. Qf4 Rxd4 38. exd4 Bxf1 39. Kxf1 Qb3 40. Re5 Qd1+ 41. Kg2 Rxe5 42. dxe5 Qd5 43. e6 Kg8 44. Kh2 Kf8 45. h5 Ke7 46. Qc7+ Kf6 47. Qf7+ Ke5 48. Qxg7+ Kxf5 49. Qg6+ Ke5 50. e7 Qd7 51.
e8=Q+ 1-0

[Event "Early-Titled-Tuesday-Blitz-April-02-2024"]
[Site "Chess.com"]
[Date "2024.04.02"]
[Round "6"]
[White "Yushko_Olga"]
[Black "Aureliano-Buendia"]
[Result "0-1"]
[WhiteElo "2245"]
[BlackElo "2481"]
[TimeControl "180+1"]
[EndTime "9:07:30 PDT"]
[Termination "Aureliano-Buendia won on time"]

1. d4 d6 2. c4 Nf6 3. Nf3 Nbd7 4. Nc3 e5 5. Bg5 Be7 6. e3 h6 7. Bh4 O-O 8. Bd3 Re8 9. Bc2 exd4 10. Nxd4 a5 11. O-O Ne5 12. b3 b6 13. Bg3 Bb7 14. Nf5 Bf8 15. Qd2 Qd7 16. Rfd1 g6 17. Nd4 Bg7 18.
Rac1 Nh5 19. Nce2 Nxg3 20. Nxg3 Qg4 21. h3 Qh4 22. Qe2 h5 23. e4 Bh6 24. Ra1 Qf4 25.
Nf3 Nxf3+ 26. Qxf3 Qxf3 27. gxf3 Bc8 28. Kg2 h4 29.
Nf1 Bf4 30. Ne3 Re5 31. Rd5 Be6 32. Rxe5 Bxe5 33. Rd1 Kg7 34. Nd5 Bxd5 35. Rxd5 Rh8 36. a3 Kf6 37. b4 axb4 38. axb4 Ra8 39. c5 Ra2 40. Bb3 Rb2 41. Rd3 bxc5 42. bxc5 dxc5 43. Bc4 Bd4 44. Rb3 Rxf2+ 45. Kh1 Kg5 46. e5 Bxe5 47.
Bxf7 Kf4 48. Kg1 Bd4 49. Kh1 g5 50. Be6 Kg3 51. f4+ Kxf4 52. Bg4 c4 53. Ra3 c3 54.
Ra4 c5 55. Ra1 c2 56. Re1 Be3 57. Be2 c1=Q 58. Bd1 Qd2 0-1

[Event "Early-Titled-Tuesday-Blitz-April-02-2024"]
[Site "Chess.com"]
[Date "2024.04.02"]
[Round "6"]
[White "Robert_Chessmood"]
[Black "moro182"]
[Result "1/2-1/2"]
[WhiteElo "2974"]
[BlackElo "2901"]
[TimeControl "180+1"]
[EndTime "9:07:31 PDT"]
[Termination "Game drawn by repetition"]

1. e4 g6 2. d4 Bg7 3. Nf3 d6 4.
Be3 Nf6 5. Nc3 O-O 6. Qd2 d5 7. e5 Ne4 8. Nxe4 dxe4 9. Ng5 c5 10. dxc5 Qxd2+ 11. Bxd2 Bf5 12. Bc3 h6 13. Nh3 Nd7 14. Nf4 Nxe5 15. Nd5 Nc6 16. O-O-O Rfd8 17. Bb5 Bxc3 18.
Bxc6 bxc6 19. Nxe7+ Kf8 20. Nxf5 Bxb2+ 21. Kxb2 gxf5 22.
Kc3 Ke7 23. Kc4 Ke6 24. f4 Rab8 25. c3 Rd5 26. Rb1 Rxb1 27. Rxb1 Rd2 28. Rb8 Rxa2 29.
Rd8 Ke7 30. Rd6 e3 31. Rd3 e2 32. Re3+ Kf6 33. Kd3 a5 34. Rxe2 Rxe2 35. Kxe2 Ke6 36. c4 Kd7 37. Kd3 Kc7 38. Kc3 Kb7 39. Kb3 Ka7 40. Ka3 Kb7 41. Ka4 Ka6 42. Kb3 Kb7 43.
g3 h5 44. Ka3 Ka7 45. Ka4 Ka6 46. h3 f6 47. Kb3 Kb7 48. Ka3 Ka7 49. Ka4 Ka6 50. h4 Kb7 51. Kxa5 Ka7 52. Kb4 Ka6 53.
Ka4 Kb7 54. Kb4 Ka6 55. Ka4 Kb7 56. Ka5 Ka7 57. Kb4 Ka6 1/2-1/2

[Event "Early-Titled-Tuesday-Blitz-April-02-2024"]
[Site "Chess.com"]
[Date "2024.04.02"]
[Round "6"]
[White "David_ATM"]
[Black "Kunalm64"]
[Result "0-1"]
[WhiteElo "2412"]
[BlackElo "2629"]
[TimeControl "180+1"]
[EndTime "9:07:31 PDT"]
[Termination "Kunalm64 won by checkmate"]

1. e4 c6 2. Nc3 d5 3. Nf3 a6 4. d4 Bg4 5. Be2 e6 6. O-O Nf6 7. Bg5 Be7 8. e5 Nfd7 9. Bxe7 Qxe7 10. Nd2 Bxe2 11. Nxe2 c5 12. c3 Nc6 13. Rc1 O-O 14.
a3 cxd4 15. cxd4 Rac8 16. Nb3 Qd8 17. Nc5 Nxc5 18. Rxc5 Ne7 19. b4 b6 20. Rc2 Rxc2 21.
Qxc2 Qb8 22. Qd3 Qb7 23. Rc1 Rc8 24. Rc3 h6 25. Kf1 Rxc3 26. Qxc3 Qc6 27. Qd3 Qc4 28. Qxc4 dxc4 29. Ke1 Nd5 30. Kd2 b5 31. g3 Kf8 32.
f4 Ke7 33. Ng1 Kd7 34. Nf3 Kc6 35. Ne1 Kb6 36. Nc2 a5 37. h3 h5 38. Kc1 h4 39.
gxh4 Nxf4 40. Ne3 axb4 41. axb4 Kc6 42. h5 Nxh5 43. Kd2 Nf4 44. h4 Nd5 45. Ng4 Nxb4 46. h5 Nd5 47. Nf6 b4 48. Ne8 c3+ 49. Kd3 b3 50.
Nxg7 b2 51. Kc2 Nb4+ 52. Kb1 Kb5 53. h6 Kc4 54. Nf5 exf5 55. e6 Kb3 56. exf7 c2# 0-1

[Event "Early-Titled-Tuesday-Blitz-April-02-2024"]
[Site "Chess.com"]
[Date "2024.04.02"]
[Round "6"]
[White "MNyuyu"]
[Black "ketster"]
[Result "0-1"]
[WhiteElo "2398"]
[BlackElo "2615"]
[TimeControl "180+1"]
[EndTime "9:07:32 PDT"]
[Termination "ketster won by checkmate"]

1. d4 Nf6 2. Nf3 e6 3. Bg5 h6 4. Bh4 c5 5. e3 Qb6 6. Bxf6 gxf6 7. Nbd2 Qxb2 8. Rb1 Qc3 9. Bd3 d5 10. O-O c4 11.
Be2 Nc6 12. Re1 f5 13. Rb5 Qa3 14. Qb1 b6 15. Ne5 Nxe5 16. dxe5 Bd7 17. Bf3 Rc8 18.
Bh5 Qa6 19. a4 Qxa4 20. Rb2 c3 21. Ra2 cxd2 22. Rxa4 dxe1=Q+ 23. Qxe1 Bxa4 24. c3 Be7 25. h3 b5 26. Kh2 a5 27. Qd2 b4 28. cxb4 axb4 29.
Qa2 Bd7 30. Qb3 Rc3 31. Qa2 O-O 32. Qa7 Rd8 33. Qb7 Rcc8 34. Bd1 Bf8 35. Bb3 Bg7 36. g4 Bxe5+ 37. Kg2 fxg4 38. hxg4 Bc3 39. Qb6 d4 40. exd4 Bc6+ 41. Kh3 Rxd4 42. Qa7 Rd3+ 43. Kh4 Bf6+ 44. g5 Bxg5+ 45. Kg4 Bf3+ 46. Kg3 Bd5+ 47. Kg4 Rxb3 48.
f4 Bf6 49. Qd7 Rd8 50. Qc7 Re8 51. Qb6 Rb1 52. Qg1 Rxg1+ 53. Kh5 Bf3+ 54. Kxh6 Rh1# 0-1

[Event "Early-Titled-Tuesday-Blitz-April-02-2024"]
[Site "Chess.com"]
[Date "2024.04.02"]
[Round "6"]
[White "RantomOpening"]
[Black "Binary010"]
[Result "0-1"]
[WhiteElo "2567"]
[BlackElo "2794"]
[TimeControl "180+1"]
[EndTime "9:07:33 PDT"]
[Termination "Binary010 won by checkmate"]

1. c4 e6 2. Nf3 d5 3. e3 Nf6 4. Nc3 Bd6 5. d4 O-O 6. Qc2 a6 7. b3 b6 8. Bb2 Bb7 9. Be2 c5 10.
O-O Nc6 11. a3 Rc8 12. dxc5 bxc5 13. Rfd1 Bb8 14. g3 Qe7 15. cxd5 exd5 16. Qf5 Qe6 17. Qxe6 fxe6 18. Rac1 Ne5 19. Nxe5 Bxe5 20. Na4 Bxb2 21. Nxb2 Ne4 22. f3 Ng5 23. f4 Ne4 24. Bf3 Nd6 25. Na4 c4 26. b4 Bc6 27. Nc5 Kf7 28. Rd4 Nb5 29. a4 Nxd4 30. exd4 Rb8 31. Nxa6 Bxa4 32. Ra1 Bc2 33. Nc5 Rxb4 34. Ra7+ Kg6 35. Nxe6 Re8 36. Bxd5 Bd3 37. g4 h5 38. f5+ Kf6 39. g5+ Kxf5 40. Nxg7+ Kxg5 41. Nxe8 c3 42. Rg7+ Kf4 43. Rf7+ Ke3 44.
Rf3+ Kd2 45. Rf2+ Ke3 46. Nf6 c2 47. Rxc2 Bxc2 48. Nxh5 Rxd4 49. Bb7 Rd2 50. Ng3 Bd3 51. h4 Kf4 52. Nh5+ Kg4 53. Nf6+ Kg3 54. Nh5+ Kxh4 55. Nf4 Kg3 56. Nxd3 Rd1+ 57. Ne1 Rxe1# 0-1